 Dungeon Crawl Stone Soup version 0.22.0-32-gbc6daba (webtiles) character file.

1033 iamserjio the Ruffian (level 8, 14/74 HPs)
             Began as a Troll Fighter on Aug 23, 2018.
             Quit the game on level 7 of the Dungeon.
             The game lasted 00:08:03 (1003 turns).

iamserjio the Ruffian (Troll Fighter)               Turns: 1003, Time: 00:08:04

Health: 14/74      AC:  5    Str: 25    XL:     8   Next: 3%
Magic:  16/16      EV: 14    Int:  6    God:
Gold:   90         SH: 10    Dex: 14    Spells: 7/7 levels left

rFire    . . .     SeeInvis .     - Unarmed
rCold    . . .     Gourm    +   b - +0 shield
rNeg     . . .     Faith    +   a - +0 robe
rPois    .         Spirit   .   (helmet restricted)
rElec    .         Reflect  .   (no cloak)
rCorr    .         Harm     .   (gloves unavailable)
MR       +....                  (boots unavailable)
Stlth    ++........             n - amulet of faith
HPRegen  0.62/turn              g - ring of protection from magic
MPRegen  0.15/turn              m - ring of magical power

@: agile, drained
A: large, unfitting armour, claws 3, fast metabolism 3, gourmand, regeneration
1, shaggy fur 1, tough skin 2
a: no special abilities


You were on level 7 of the Dungeon.
You were not hungry.

You visited 1 branch of the dungeon, and saw 7 of its levels.

You collected 90 gold pieces.

Inventory:

Missiles
 h - a throwing net (quivered) {!f}
Armour
 a - a +0 robe (worn)
 b - a +0 shield (worn)
Jewellery
 g - a ring of protection from magic (left claw)
 m - a ring of magical power (right claw)
 n - an amulet of faith (around neck)
Scrolls
 f - 2 scrolls of identify {unknown}
 i - a scroll of remove curse {unknown}
 j - a scroll of amnesia {unknown}
 k - a scroll of blinking {unknown}
 o - a scroll of enchant weapon {unknown}
Comestibles
 d - 6 rations
 l - a chunk of flesh


   Skills:
 - Level 2.4(2.0) Fighting
 - Level 2.4(2.0) Dodging
 + Level 5.1(4.6) Shields
 * Level 7.9(7.4) Unarmed Combat


You had 7 spell levels left.
You didn't know any spells.
Your spell library was empty.

Dungeon Overview and Level Annotations

Branches:
Dungeon (7/15)
 Temple: D:4-7

Altars:
Gozag
Makhleb
Okawaru
Yredelemnul
The Shining One


Innate Abilities, Weirdness & Mutations

You are too large for most types of armour.
You have claws for hands.
Your metabolism is lightning-fast.
You like to eat raw meat.
Your natural rate of healing is unusually fast.
You are covered in fur. (AC +1)
You have very tough skin. (AC +2)


Message History

You miss the adder.
The adder is almost dead.
The adder bites you but does no damage.
Some of the chunks of flesh in your inventory have rotted away.
You claw the adder!
You kill the adder!
The orc shouts!
It was a potion of agility.
You feel agile all of a sudden. The orc warrior hits you with a mace!
* * * LOW HITPOINT WARNING * * *
You block the orc's attack.
It was a potion of magic.
Magic courses through your body. You block the orc warrior's attack.
You closely miss the orc warrior. The orc warrior completely misses you.
You claw the orc warrior!
The orc warrior is heavily wounded.
The orc warrior hits you with a trident!
* * * LOW HITPOINT WARNING * * *
Are you sure you want to abandon this character and quit the game? (Confirm with "yes".)

....#((.#.# #
#..#####.##.#.####
####.......#.......# ..
#..................###...
#...##.##............. #
##...<.##.............
#..#...####..........z...
#......###.#.......###...##
######.....#...@oo.##....z##
#####.#####o###..[....#
##†###o## #....<# ##.o.##
##.oz## ##.## #..o #.# #...
#.. ##.# .... .. ##... ...


You could see 2 orc warriors, a wight and an orc.

Vanquished Creatures
  Grinder (D:6)
  An orc warrior (D:6)
  A phantom (D:6)
  2 centaurs
  A bullfrog (D:6)
  A wight (D:6)
  2 crimson imps
  An orc priest (D:5)
  3 orc wizards
  3 worker ants
  An iguana (D:6)
  Robin (D:2)
  3 adders
  A worm (D:2)
  A leopard gecko (D:2)
  4 orcs
  3 bats
  2 giant cockroaches
  11 goblins
  8 hobgoblins
  4 jackals
  5 quokkas
  2 ball pythons
  2 frilled lizards
  6 kobolds
  3 rats
73 creatures vanquished.

Notes
Turn   | Place    | Note
-------+----------+-------------------------------------------
     0 | D:1      | iamserjio the Troll Fighter began the quest for the Orb.
     0 | D:1      | Reached XP level 1. HP: 22/22 MP: 0/0
   179 | D:2      | Reached XP level 2. HP: 16/29 MP: 1/1
   222 | D:2      | Noticed a crimson imp
   224 | D:2      | Reached skill level 3 in Unarmed Combat
   233 | D:2      | Reached XP level 3. HP: 28/36 MP: 2/2
   282 | D:2      | Reached XP level 4. HP: 39/44 MP: 3/3
   298 | D:2      | Noticed Robin
   308 | D:2      | Killed Robin
   326 | D:3      | Reached skill level 4 in Unarmed Combat
   359 | D:3      | Found an opulent altar of Gozag.
   359 | D:3      | Found a burning altar of Makhleb.
   478 | D:5      | Entered Level 5 of the Dungeon
   496 | D:6      | Noticed an orc warrior
   507 | D:5      | Noticed a centaur
   511 | D:5      | Killed a centaur
   511 | D:5      | Reached XP level 5. HP: 48/50 MP: 4/4
   545 | D:5      | Reached skill level 5 in Unarmed Combat
   580 | D:5      | Reached XP level 6. HP: 51/59 MP: 5/5
   686 | D:6      | Killed an orc warrior
   686 | D:6      | Reached skill level 6 in Unarmed Combat
   716 | D:6      | Found a glowing golden altar of the Shining One.
   721 | D:6      | Found a basalt altar of Yredelemnul.
   775 | D:6      | Reached XP level 7. HP: 25/66 MP: 6/6
   836 | D:6      | Reached skill level 7 in Unarmed Combat
   846 | D:6      | Noticed Grinder
   860 | D:6      | Paralysed by Grinder for 3 turns
   875 | D:6      | Killed Grinder
   920 | D:6      | Reached skill level 5 in Shields
   930 | D:6      | Found an iron altar of Okawaru.
   942 | D:6      | HP: 1/66 [iguana (9)]
   943 | D:6      | Reached XP level 8. HP: 1/74 MP: 7/7
   974 | D:7      | Noticed a hand axe
   974 | D:7      | Noticed a hand axe
  1003 | D:7      | Quit the game

Skill      XL: |  1  2  3  4  5  6  7 |
---------------+----------------------+-----
Unarmed Combat | 3 4 5 6 7 |  7.9
Shields        | 3 4 5 |  5.1
Fighting       | |  2.4
Dodging        | |  2.4

Action                   |  1- 3 |  4- 6 |  7- 9 || total
-------------------------+-------+-------+-------++-------
Melee: Unarmed           |    73 |    96 |    74 ||   243
Evoke: Wand              |       |       |     7 ||     7
  Use: Potion            |       |     1 |     2 ||     3
  Eat: Chunk             |     4 |     4 |       ||     8
Armor: Robe              |    29 |    21 |     9 ||    59
Dodge: Dodged            |    16 |    25 |    15 ||    56
Block: Shield            |    45 |    33 |    25 ||   103
